Map: Romanticide LE

Players

HeroMarine - Winner!

  • Race: Terran Terran
  • League: Grandmaster
  • Spawn Location: 5:00

Krystianer

  • Race: Protoss Protoss
  • League: Grandmaster
  • Spawn Location: 11:00

Event: DreamHack SC2 Masters 2020 Winter

VOD

Have the link to the VOD?

Description

Time

  • Played on: Oct. 23, 2020, 12:40 p.m.
  • Length: 19:19

All games in this series

Show
View Real Time Build Order
Export as new Build Order

HeroMarine Terran - Winner!

Build Orders: Liberator Opening, Reaper Expand 

Get SALT Encoding   

  12  0:00  SCV  
  13  0:12  SCV  
  14  0:17  Supply Depot  
  14  0:24  SCV  
  15  0:38  SCV  
  15  0:39  Barracks  
  16  0:43  Refinery  
  16  0:50  SCV  
  17  1:02  SCV  
  18  1:15  SCV  
  19  1:27  Reaper, Orbital Command  
  20  1:45  Command Center  
  20  1:51  Supply Depot  
  20  1:53  SCV  
  21  1:59  Marine  
  22  2:07  SCV, Bunker  
  23  2:16  Factory  
  23  2:19  SCV  
  23  2:22  Barracks Reactor  
  24  2:28  Refinery  
  24  2:31  SCV  
  25  2:43  SCV  
  26  2:55  SCV  
  26  2:58  Marine x2  
  27  3:03  Hellion  
  27  3:05  Orbital Command  
  31  3:08  Starport  
  31  3:09  SCV  
  32  3:16  Marine x2  
  34  3:21  SCV  
  35  3:31  SCV  
  35  3:33  SCV, Factory Tech Lab  
  35  3:34  Marine x2  
  37  3:42  Supply Depot  
  37  3:43  SCV  
  37  3:45  SCV  
  37  3:47  Liberator  
  42  3:51  Bunker  
  42  3:55  SCV, Siege Tank  
  46  4:04  SCV, Supply Depot, Marine x2  
  46  4:08  SCV  
  50  4:16  SCV  
  51  4:20  SCV  
  52  4:27  Siege Tank  
  52  4:30  SCV  
  56  4:32  SCV  
  56  4:33  Command Center  
  56  4:34  Viking  
  59  4:39  Supply Depot  
  59  4:41  Supply Depot  
  59  4:46  SCV x2  
  59  4:49  Marine  
  62  4:55  Marine  
  62  4:58  SCV  
  62  4:59  Barracks  
  62  5:00  SCV  
  62  5:01  Barracks  
  62  5:05  Siege Tank  
  66  5:08  Starport Tech Lab  
  66  5:11  SCV  
  66  5:12  SCV  
  66  5:14  Marine  
  68  5:16  Marine  
  70  5:23  SCV  
  70  5:24  SCV  
  70  5:26  Refinery  
  70  5:28  Refinery  
  72  5:30  Supply Depot  
  72  5:35  SCV  
  73  5:37  SCV  
  73  5:41  Marine  
  75  5:43  Engineering Bay x2  
  75  5:47  SCV  
  75  5:49  SCV  
  73  5:50  Orbital Command  
  71  5:59  SCV  
  71  6:00  Siege Tank  
  71  6:01  SCV  
  76  6:05  Stimpack  
  76  6:06  Barracks Tech Lab  
  76  6:10  Terran Infantry Weapons Level 1, Terran Infantry Armor Level 1  
  76  6:11  SCV, Marine  
  76  6:12  Marine  
  76  6:13  SCV, Marine  
  76  6:16  Orbital Command  
  81  6:23  SCV, Missile Turret  
  81  6:25  SCV, Combat Shield  
  83  6:26  Starport Reactor  
  83  6:27  Marine  
  83  6:29  Marine x2  
  83  6:32  Supply Depot  
  84  6:35  SCV  
  84  6:37  SCV  
  84  6:44  Marauder  
  84  6:45  Marauder, Siege Tank  
  88  6:48  SCV x2  
  88  6:49  SCV  
  88  6:51  Missile Turret  
  91  6:59  Supply Depot  
  91  7:00  SCV x2  
  93  7:02  SCV  
  93  7:05  Medivac x2  
  93  7:06  Marauder x2  
  102  7:11  Supply Depot  
  102  7:12  SCV x2  
  102  7:13  Marine x2  
  102  7:14  SCV  
  107  7:22  Barracks  
  107  7:24  SCV, Barracks  
  107  7:25  SCV, Supply Depot x2  
  107  7:26  SCV  
  107  7:29  Marauder  
  112  7:32  Marauder  
  112  7:36  SCV  
  115  7:37  Refinery  
  115  7:38  SCV x2, Refinery  
  115  7:40  Armory  
  112  7:49  SCV  
  104  7:52  SCV, Missile Turret  
  104  7:53  SCV  
  104  7:57  Marine  
  106  8:01  SCV  
  106  8:03  Bunker  
  106  8:04  SCV  
  106  8:05  SCV  
  107  8:08  Marine  
  108  8:13  SCV  
  108  8:17  SCV x2  
  111  8:20  Marauder  
  111  8:21  Marauder, Barracks Tech Lab  
  111  8:22  Medivac, Siege Tank  
  111  8:25  SCV  
  120  8:29  SCV x2  
  110  8:37  SCV  
  110  8:41  Barracks Reactor  
  108  8:42  Medivac, Marauder x2  
  108  8:43  Marine x2  
  108  8:44  SCV x2  
  108  8:48  Supply Depot  
  118  8:49  Marauder  
  118  8:54  SCV  
  124  8:56  SCV x2  
  124  9:01  Medivac, Marine x2  
  130  9:03  Marauder  
  130  9:05  Drilling Claws, Widow Mine  
  130  9:06  SCV, Terran Infantry Weapons Level 2  
  130  9:08  SCV, Marauder  
  135  9:12  SCV  
  135  9:15  Supply Depot  
  138  9:17  Marauder  
  138  9:18  Supply Depot  
  138  9:21  Terran Infantry Armor Level 2  
  138  9:23  Missile Turret  
  138  9:27  Marine x4  
  138  9:29  Widow Mine  
  144  9:34  Medivac x2  
  148  9:40  Supply Depot, Missile Turret  
  148  9:41  Marauder x2  
  148  9:43  Marauder  
  152  10:00  SCV x3  
  152  10:02  Marauder x2  
  152  10:04  Marine  
  152  10:05  Marauder, Marine x3  
  152  10:06  Medivac x2  
  163  10:12  SCV x3  
  165  10:17  Siege Tank  
  163  10:24  SCV x3, Marauder x2  
  170  10:32  Marauder  
  170  10:35  Command Center, Marine  
  173  10:41  Supply Depot  
  173  10:42  Viking, Medivac, Marine x2  
  173  10:43  Supply Depot  
  173  10:44  Supply Depot  
  179  10:52  Barracks  
  179  10:53  Barracks  
  179  10:55  Barracks  
  179  11:01  Terran Ship Weapons Level 1  
  179  11:03  Marauder x2, Marine x2  
  185  11:04  Starport  
  185  11:07  Factory Reactor  
  184  11:12  Viking  
  184  11:16  Ghost Academy  
  186  11:20  Sensor Tower  
  186  11:22  Terran Infantry Weapons Level 3  
  185  11:27  Marauder x2  
  185  11:28  Marauder  
  191  11:34  Marine x2  
  191  11:35  Marine  
  191  11:36  Marine  
  187  11:48  Marauder x2  
  187  11:52  Viking x2  
  193  11:56  Barracks Reactor, Marauder  
  193  11:58  Barracks Tech Lab  
  193  11:59  Marine x2  
  193  12:00  Factory Reactor  
  197  12:03  SCV  
  197  12:04  SCV  
  197  12:05  SCV  
  200  12:09  Refinery  
  200  12:10  Marauder  
  200  12:12  Missile Turret  
  200  12:17  Terran Infantry Armor Level 3  
  200  12:18  Ghost, Refinery  
  200  12:34  Sensor Tower  
  200  12:38  Ghost  
  195  12:53  SCV  
  195  12:57  Ghost x2  
  183  12:58  Marauder x2, Marine x2  
  183  12:59  Marine x2  
  183  13:00  Marine x2  
  183  13:05  Command Center  
  187  13:06  Marine  
  187  13:11  Concussive Shells  
  185  13:16  Marine x2  
  185  13:17  Marine x2  
  185  13:18  Marine x2  
  195  13:20  Marauder x2, Liberator  
  195  13:21  Enhanced Shockwaves  
  195  13:24  Ghost  
  191  13:36  Ghost x2  
  197  13:41  Marauder  
  197  13:55  Marauder, Marine  
  178  13:56  Marauder, Marine  
  174  14:02  Marauder  
  174  14:05  Liberator x3  
  174  14:06  Marauder x2  
  187  14:16  Marauder, Marine  
  188  14:17  Marauder  
  182  14:24  Marauder  
  182  14:28  Marauder, Marine  
  171  14:31  Marine  
  171  14:32  Marauder, Marine  
  171  14:33  Planetary Fortress  
  171  14:36  Widow Mine x2  
  171  14:37  Marauder  
  179  14:43  Marauder, Sensor Tower  
  181  14:48  Marauder  
  177  14:54  Fusion Core  
  177  14:56  Command Center  
  177  14:59  Marauder  
  181  15:00  Marauder  
  181  15:03  Marauder  
  181  15:06  Marauder  
  185  15:09  Marauder  
  185  15:11  Terran Ship Weapons Level 2  
  183  15:19  Marine x3  
  183  15:20  Marauder  
  165  15:21  Marauder  
  165  15:24  Marauder  
  165  15:28  Marauder  
  157  15:30  Marauder  
  157  15:35  Marine  
  158  15:38  Medivac  
  158  15:41  Medivac  
  158  15:42  Marauder  
  166  15:43  Marauder  
  166  15:46  Marauder  
  166  15:49  Marauder  
  170  15:51  Marine x2  
  170  15:52  Marauder, Marine  
  165  16:03  Marauder  
  168  16:04  Marauder  
  168  16:06  Marine x3  
  168  16:07  Marauder  
  168  16:10  Marine  
  168  16:11  Marauder  
  176  16:13  Marauder  
  176  16:16  Medivac x2  
  176  16:24  Marine  
  167  16:34  Bunker  
  167  16:35  Marauder  
  167  16:39  Marauder x2, Marine x2  
  169  16:43  Orbital Command  
  169  16:44  Medivac x2  
  169  16:46  Medivac, Missile Turret  
  177  16:47  Marauder  
  177  16:51  Planetary Fortress  
  177  16:53  Marine  
  176  16:56  Advanced Ballistics  
  144  17:01  Medivac  
  163  17:08  Marauder  
  165  17:10  Marauder  
  165  17:13  Marauder  
  164  17:20  Marauder  
  152  17:23  Marauder  
  152  17:27  Marine x2  
  152  17:29  Marauder  
  150  17:30  Ghost  
  150  17:33  Liberator  
  150  17:34  Ghost  
  155  17:38  Liberator  
  155  17:41  Marauder  
  155  17:42  Liberator  
  155  17:43  Liberator  
  166  17:44  Marauder  
  168  17:53  Ghost, Missile Turret  
  170  18:00  Marauder  
  170  18:02  Ghost, Marauder  
  174  18:06  Marauder, Marine  
  177  18:16  Liberator  
  177  18:18  Missile Turret  
  180  18:21  Marauder, Liberator  
  180  18:22  Marauder  
  180  18:24  Marauder  
  180  18:25  Liberator x2  
  195  18:27  Marauder  
  195  18:32  Marauder  
  199  18:42  Refinery, Marine  
  199  18:43  Refinery  
  197  18:56  Marauder  
  197  18:57  Command Center  
  197  18:59  Command Center  
Show
View Real Time Build Order
Export as new Build Order

Krystianer Protoss 

Build Orders: 1 Gate Expand, Colossus Rush 

Get SALT Encoding   

  12  0:00  Probe  
  13  0:12  Probe  
  14  0:18  Pylon  
  14  0:24  Probe (Chrono Boost)  
  15  0:36  Gateway  
  15  0:37  Probe (Chrono Boost)  
  16  0:43  Probe (Chrono Boost)  
  16  0:45  Assimilator  
  17  0:52  Probe  
  18  1:04  Probe  
  19  1:16  Probe  
  20  1:23  Nexus  
  20  1:32  Cybernetics Core  
  20  1:34  Probe  
  20  1:39  Assimilator  
  21  1:46  Probe  
  22  1:49  Pylon  
  22  1:58  Probe  
  23  2:06  Adept (Chrono Boost)  
  23  2:09  Warp Gate  
  23  2:10  Probe  
  26  2:26  Stalker (Chrono Boost)  
  26  2:27  Probe  
  28  2:32  Robotics Facility  
  27  2:40  Probe, Shield Battery  
  27  2:41  Probe  
  29  2:52  Stalker  
  29  2:56  Probe (Chrono Boost)  
  29  2:57  Probe (Chrono Boost)  
  34  3:09  Probe x2 (Chrono Boost)  
  35  3:16  Probe  
  35  3:17  Probe  
  37  3:22  Robotics Bay  
  37  3:29  Probe  
  37  3:33  Warp Prism  
  40  3:36  Probe  
  41  3:42  Probe  
  41  3:45  Pylon  
  42  3:48  Probe  
  42  3:51  Gateway  
  43  3:56  Probe  
  43  4:00  Probe  
  45  4:06  Colossus (Chrono Boost)  
  51  4:12  Gravitic Drive  
  51  4:14  Assimilator  
  51  4:15  Probe  
  52  4:17  Probe  
  53  4:24  Pylon  
  53  4:27  Probe  
  54  4:33  Pylon  
  54  4:39  Twilight Council  
  54  4:40  Forge  
  54  4:42  Probe x2  
  54  4:44  Observer (Chrono Boost)  
  56  4:49  Stalker  
  59  4:56  Gateway  
  59  4:59  Probe, Gateway  
  59  5:04  Observer  
  60  5:11  Gateway  
  60  5:12  Gateway  
  59  5:14  Pylon  
  59  5:17  Probe x2  
  59  5:19  Charge (Chrono Boost)  
  58  5:22  Protoss Ground Armor Level 1 (Chrono Boost)  
  58  5:32  Stalker  
  60  5:35  Probe  
  60  5:44  Probe  
  59  5:50  Probe  
  59  5:56  Probe (Chrono Boost)  
  61  6:02  Probe (Chrono Boost)  
  62  6:05  Nexus  
  62  6:08  Probe (Chrono Boost), Pylon  
  63  6:12  Dark Shrine  
  63  6:14  Probe (Chrono Boost)  
  63  6:16  Sentry  
  63  6:17  Probe (Chrono Boost)  
  66  6:19  Probe (Chrono Boost)  
  66  6:21  Zealot  
  66  6:22  Probe, Zealot  
  70  6:29  Probe  
  71  6:34  Probe  
  72  6:41  Probe  
  72  6:45  Zealot  
  72  6:46  Zealot x2  
  79  6:47  Zealot  
  79  6:48  Zealot x2  
  79  6:52  Probe  
  86  7:05  Pylon  
  86  7:07  Pylon  
  86  7:17  Probe x2  
  88  7:23  Probe  
  88  7:24  Dark Templar x3  
  88  7:25  Colossus (Chrono Boost)  
  88  7:27  Zealot x3  
  88  7:29  Probe  
  108  7:34  Probe  
  108  7:35  Probe  
  110  7:41  Probe  
  111  7:46  Probe  
  111  7:47  Probe  
  111  7:50  Zealot x3  
  117  7:53  Probe  
  116  8:00  Pylon  
  116  8:01  Protoss Ground Armor Level 2 (Chrono Boost)  
  116  8:02  Pylon  
  116  8:15  Assimilator  
  116  8:18  Immortal (Chrono Boost)  
  116  8:19  Assimilator  
  118  8:20  Gateway  
  118  8:24  Zealot x4  
  118  8:25  Zealot x2  
  130  8:27  Gateway  
  130  8:29  Probe  
  130  8:31  Probe  
  130  8:33  Extended Thermal Lance (Chrono Boost)  
  130  8:41  Blink (Chrono Boost)  
  130  8:47  Nexus  
  130  8:48  Pylon  
  130  8:50  Stalker  
  130  8:53  Pylon  
  130  8:54  Pylon  
  132  9:07  Templar Archives  
  138  9:18  Assimilator  
  138  9:19  Robotics Facility  
  138  9:20  Probe x2  
  138  9:22  Disruptor (Chrono Boost)  
  137  9:26  Pylon  
  137  9:27  Zealot x3  
  137  9:28  Zealot  
  145  9:31  Pylon  
  145  9:33  Zealot x2  
  145  9:34  Pylon  
  145  9:37  Assimilator  
  149  9:39  Pylon, Assimilator  
  149  9:44  Stalker x2  
  152  9:49  Zealot x2  
  152  9:52  Probe  
  157  10:01  Dark Templar  
  157  10:02  Dark Templar  
  157  10:05  Immortal (Chrono Boost)  
  165  10:07  Probe  
  165  10:13  Probe  
  159  10:14  Stalker x2  
  159  10:15  Stalker  
  159  10:16  Probe  
  159  10:19  Probe  
  170  10:29  Disruptor (Chrono Boost)  
  170  10:30  Protoss Ground Weapons Level 1 (Chrono Boost)  
  170  10:31  Stalker x2  
  170  10:35  Disruptor (Chrono Boost)  
  169  10:38  Pylon  
  172  10:46  Zealot  
  172  10:47  Zealot x5  
  184  10:55  Disruptor (Chrono Boost)  
  187  11:11  Zealot x4  
  195  11:18  Pylon  
  195  11:20  Pylon x2  
  195  11:21  Pylon  
  192  11:38  Probe  
  192  11:39  Dark Templar x3  
  169  11:48  Stalker x4  
  169  11:54  Nexus  
  176  12:11  Zealot  
  176  12:12  Zealot x7  
  176  12:14  Probe  
  191  12:24  Protoss Ground Weapons Level 2 (Chrono Boost)  
  191  12:26  Pylon  
  191  12:28  Pylon  
  191  12:31  Psionic Storm  
  173  12:52  Nexus  
  160  13:03  Stalker  
  160  13:04  Stalker x3  
  155  13:10  High Templar x2  
  158  13:15  Probe  
  159  13:20  High Templar x2  
  159  13:24  Probe  
  159  13:25  Disruptor  
  167  13:27  Disruptor  
  162  13:36  Probe  
  162  13:39  High Templar  
  162  13:40  High Templar  
  164  13:41  Probe  
  164  13:44  Archon  
  164  13:47  Dark Templar  
  164  13:53  Dark Templar  
  164  13:55  Probe (Chrono Boost)  
  141  14:01  Disruptor  
  141  14:02  Probe (Chrono Boost)  
  144  14:07  Probe (Chrono Boost)  
  144  14:08  Probe (Chrono Boost)  
  145  14:13  Probe x2 (Chrono Boost), Zealot x2, Dark Templar  
  145  14:14  Archon  
  145  14:15  Probe (Chrono Boost)  
  148  14:19  Probe (Chrono Boost)  
  138  14:27  Dark Templar x3  
  143  14:32  Probe (Chrono Boost)  
  143  14:33  Probe (Chrono Boost)  
  143  14:35  Probe x2 (Chrono Boost)  
  143  14:39  Probe (Chrono Boost)  
  143  14:42  Probe (Chrono Boost)  
  143  14:43  Probe (Chrono Boost)  
  135  14:47  Archon  
  135  14:50  Stalker  
  135  14:51  Stalker x2  
  139  14:58  Assimilator  
  139  15:01  Zealot x2  
  139  15:03  Disruptor (Chrono Boost)  
  146  15:12  Disruptor (Chrono Boost)  
  128  15:27  Dark Templar x2  
  114  15:29  Probe (Chrono Boost)  
  114  15:31  Disruptor  
  118  15:36  Archon x2  
  118  15:38  Probe (Chrono Boost)  
  121  15:44  Probe (Chrono Boost)  
  121  15:47  Probe (Chrono Boost)  
  121  15:48  Probe (Chrono Boost), Zealot  
  114  15:54  Probe  
  114  15:55  Probe  
  104  16:06  Stalker x2  
  104  16:11  Probe (Chrono Boost)  
  110  16:12  Probe (Chrono Boost)  
  110  16:17  Probe (Chrono Boost)  
  111  16:21  Probe (Chrono Boost)  
  111  16:22  Probe (Chrono Boost)  
  113  16:26  Probe (Chrono Boost)  
  113  16:29  Dark Templar x2  
  111  16:34  Probe  
  111  16:39  Probe x2  
  107  16:45  Dark Templar  
  109  16:51  Probe (Chrono Boost)  
  109  16:53  Probe (Chrono Boost)  
  108  16:56  Probe (Chrono Boost)  
  108  17:00  Probe (Chrono Boost)  
  103  17:01  Probe (Chrono Boost)  
  103  17:03  Archon  
  103  17:06  Probe  
  99  17:11  Stalker  
  99  17:12  Probe  
  99  17:15  Probe  
  100  17:19  Probe  
  95  17:23  Observer  
  95  17:29  Dark Templar  
  88  17:33  Probe (Chrono Boost)  
  88  17:40  Probe (Chrono Boost)  
  90  17:45  Probe (Chrono Boost)  
  90  17:46  Observer  
  90  17:49  Probe (Chrono Boost)  
  90  17:51  Probe (Chrono Boost)  
  92  17:53  Probe (Chrono Boost)  
  92  17:56  Archon  
  93  17:58  High Templar  
  93  17:59  High Templar x3  
  101  18:11  Dark Templar x2  
  103  18:15  Probe  
  103  18:17  Probe (Chrono Boost)  
  104  18:30  Stalker  
  104  18:32  Probe (Chrono Boost)  
  104  18:33  Probe (Chrono Boost), High Templar  
  104  18:34  High Templar  
  112  18:37  Probe (Chrono Boost)  
  112  18:41  Probe (Chrono Boost), Archon x2  
  113  18:43  Disruptor (Chrono Boost)  
  113  18:45  Disruptor (Chrono Boost)  
  119  18:52  Probe x2  
  117  19:02  Stalker  
Tags
 
Add a new tag
Caveats
  • Supply blocks, unpowered buildings, or Contaminate may cause inaccurate times.
  • Supply counts are checked every 10 seconds.